 Dungeon Crawl Stone Soup version 0.30-a0-779-g7971cf19c3 (webtiles) character file.

Game seed: 3084824565923489720

16 Ijustatesigmund the Covered (level 2, -1/19 HPs)
             Began as a Gargoyle Fighter on Feb 17, 2023.
             Slain by Terence
             ... wielding a +0 hand axe
              (8 damage)
             ... on level 2 of the Dungeon.
             The game lasted 00:01:02 (1102 turns).

Ijustatesigmund the Covered (Gargoyle Fighter)      Turns: 1102, Time: 00:01:03

Health: -1/19      AC: 10    Str: 19    XL:     2   Next: 58%
Magic:  2/2        EV:  9    Int:  8    God:
Gold:   111        SH:  4    Dex:  9    Spells: 1/1 levels left

rFire   . . .      SeeInvis .    a - +0 flail
rCold   . . .      Faith    .    c - +0 buckler
rNeg    + + .      Spirit   .    b - +0 scale mail
rPois   ∞          Reflect  .    (no helmet)
rElec   +          Harm     .    (no cloak)
rCorr   .          Rampage  .    j - +0 pair of gloves
Will    .....                    (no boots) Stlth
                                 (no amulet)
HPRegen 0.23/turn                l - ring of positive energy
MPRegen 0.08/turn                (no ring)

@: mighty
A: sickness immunity, AC +2, negative energy resistance 1, electricity
resistance, torment resistance 1, petrification resistance
a: no special abilities


You were on level 2 of the Dungeon.
You visited 1 branch of the dungeon, and saw 2 of its levels.

You collected 111 gold pieces.

Inventory:

Hand Weapons
 a - a +0 flail (weapon)
Armour
 b - a +0 scale mail (worn)
 c - a +0 buckler (worn)
 j - a +0 pair of gloves (worn)
Jewellery
 l - a ring of positive energy (left hand)
Scrolls
 e - 2 scrolls of identify {unknown}
 f - 2 scrolls of teleportation {unknown}
 g - a scroll of immolation {unknown}
 k - a scroll of brand weapon {unknown}
 n - a scroll of blinking {unknown}
Potions
 h - a potion of lignification {unknown}
 i - a potion of ambrosia {unknown}
 m - a potion of berserk rage {unknown}


   Skills:
 + Level 3.5 Fighting
 + Level 2.2 Maces & Flails
 + Level 3.5 Armour
 + Level 3.5 Shields


You had one spell level left.
You didn't know any spells.
Your spell library contained the following spells:

 Spells                   Type           Power      Damage    Failure   Level
 Apportation              Tloc           0%         N/A       86%         1
 Necrotise                Necr           0%         1d4       86%         1
 Summon Small Mammal      Summ           0%         N/A       86%         1
 Kindle Blastsparks       Fire/Tloc/Air  0%         2d10      99%         3
 Stone Arrow              Conj/Erth      0%         3d7       99%         3
 Animate Armour           Summ/Erth      0%         N/A       100%        4
 Fulminant Prism          Conj/Hex       0%         3d5       100%        4
 Iskenderun's Mystic Bla  Conj/Tloc      0%         2d3       100%        4
 Lee's Rapid Deconstruct  Erth           0%         3d4*      100%        5
 Lehudib's Crystal Spear  Conj/Erth      0%         10d2      100%        8


Dungeon Overview and Level Annotations

Branches:
Dungeon (2/15)

Altars:

Annotations:
D:2 Jessica, Terence


Innate Abilities, Weirdness & Mutations

You are immune to sickness and miasma.
Your stone body is resilient. (AC +2)
You are immune to poison.
You resist negative energy. (rN+)
You are resistant to electric shocks. (rElec)
You are resistant to unholy torment.
You are immune to petrification.


Message History

Terence hits you with a +0 hand axe!
You barely miss Terence.
Terence is heavily wounded.
Terence completely misses you.
Jessica the Apprentice Sorceress comes into view.
She is wielding a +4 spectral club.
Terence drinks a potion.
Terence seems to speed up.
You closely miss Terence.
Terence is heavily wounded.
Jessica shouts!
Terence hits you with a +0 hand axe. Terence closely misses you.
You hit Terence but do no damage.
Terence is heavily wounded.
Terence hits you but does no damage.
Jessica grins evilly.
Terence hits you but does no damage.
You closely miss Terence.
Terence is heavily wounded.
Terence completely misses you. Terence hits you but does no damage.
You hit Terence.
Terence is severely wounded.
Terence hits you with a +0 hand axe. Terence closely misses you.
You are too injured to fight recklessly!
You are too injured to fight recklessly!
You are too injured to fight recklessly!
You are too injured to fight recklessly!
You are too injured to fight recklessly!
You are too injured to fight recklessly!
You are too injured to fight recklessly!
You are too injured to fight recklessly!
You are too injured to fight recklessly!
You are too injured to fight recklessly!
You are too injured to fight recklessly!
Jessica attacks as you move away! Jessica closely misses you.
Terence attacks as you move away! Terence hits you with a +0 hand axe.
Terence says, "You're history."
Terence barely misses you. Terence closely misses you.
You feel very mighty all of a sudden. Terence hits you with a +0 hand axe!
You die...

.# #.#....#.# ...#..........
.# #.#.##.#.#
#.#.#..#..#.#.### .#
#.#....#.#####.#..#..#...#)#
# .###......#....#
.....#.....#.#
.........##....#
#..#..#..#.#.#
.#######.......#
#...#..#.#.#.# .# #.##....#
#....#...#.#.# .#
#.##....###..#..#..#.#.# .#
#........@@@..#..#.# #.# .#
####....####...#...# ##
##........#..#..#
#.######.......# #.#
#....#.... #. #.####.##. #.
#.# . #.# #


You could see Terence (fast) and Jessica.

Vanquished Creatures
  A worm (D:2)
  A goblin (D:1)
  3 hobgoblins
  3 kobolds
  2 quokkas
  A frilled lizard (D:1)
  2 rats
13 creatures vanquished.

Notes
Turn   | Place    | Note
-------+----------+-------------------------------------------
     0 | D:1      | Ijustatesigmund the Gargoyle Fighter began the quest for
                  | the Orb.
     0 | D:1      | Reached XP level 1. HP: 14/14 MP: 1/1
   505 | D:1      | Reached XP level 2. HP: 19/19 MP: 2/2
  1087 | D:2      | Noticed Terence
  1093 | D:2      | Noticed Jessica
  1102 | D:2      | Slain by Terence

Illustrated notes

Levels and vault maps discovered:
D:1:      wander_arrival_abandoned_jail, layout_loops_corners
D:2:      layout_basic, minmay_misc_feat_diagonals, uniq_terence, uniq_jessica

Action                     || total
---------------------------++-------
  Melee: Flail             ||    44
    Use: Potion            ||     1
 Armour: Scale mail        ||    15
  Dodge: Dodged            ||    21
  Block: Buckler           ||     7

Table legend: (Time is in decaauts)
 A = Elapsed time spent in this place.
 B = Non-inter-level travel time spent in this place.
 C = Inter-level travel time spent in this place.
 D = Time resting spent in this place.
 E = Time spent auto-exploring this place.
 F = Levels seen in this place.
 G = Mean time per level.
                   A        B        C        D        E       F      G
               +--------+--------+--------+--------+--------+-----+--------+
         Total |   1116 |   1065 |     51 |      0 |    933 |   2 |  558.0 |
       Dungeon |   1116 |   1065 |     51 |      0 |    933 |   2 |  558.0 |
               +--------+--------+--------+--------+--------+-----+--------+

Top non-repeatable levels by time:
     D:1: 893 daAuts
     D:2: 222 daAuts
